 Dungeon Crawl Stone Soup version 0.16-a0-922-gae79c9c (webtiles) character file.

345 Qrupt the Ruffian (level 6, 0/47 HPs)
             Began as a Draconian Transmuter on Sept 30, 2014.
             Slain by an orc priest
             ... wielding a +0 falchion
              (3 damage)
             ... on Level 3 of the Dungeon.
             The game lasted 00:07:54 (2855 turns).

Qrupt the Ruffian (Draconian Transmuter)            Turns: 2855, Time: 00:07:54

HP   0/47        AC  9     Str 14      XL: 6   Next: 32%
MP   0/13        EV 12     Int 15      God:
Gold 124         SH  0     Dex 12      Spells:  1 memorised, 11 levels left

rFire  . . .     SeeInvis .       - Unarmed
rCold  . . .     Clarity  .     (armour unavailable)
rNeg   . . .     rCorr    .     (no shield)
rPois  .         rRot     .     (helmet restricted)
rElec  .         Spirit   +     (no cloak)
SustAb .         Warding  .     c - +2 pair of gloves
rMut   .         Stasis   .     (boots unavailable)
Gourm  .                        g - amulet of guardian spirit
MR     .....                    (no ring)
                                f - ring of loudness

@: appendage, not resistant to hostile enchantments, extremely unstealthy
A: unfitting armour, talons 3, clever 1, cold-blooded, AC +6
a: End Transformation


You were on level 3 of the Dungeon.
You were near starving.
You had grown temporary talons.
You visited 1 branch of the dungeon, and saw 3 of its levels.

You collected 124 gold pieces.

Inventory:

Missiles
 b - 12 arrows
Armour
 c - a +2 pair of gloves (worn)
Comestibles
 a - 3 bread rations
 l - a beef jerky
 n - 2 fruits
 p - a meat ration
Scrolls
 h - 3 scrolls of identify
 i - 2 scrolls of remove curse
 k - a scroll of noise
Jewellery
 f - a ring of loudness (left hand)
 g - an amulet of guardian spirit (around neck)
 u - an uncursed ring of regeneration {unknown}
Books
 d - a book of Changes

   Spells                             Type                      Level
   *Beastly Appendage                 Transmutation                1
   Sticks to Snakes                   Transmutation                2
   Spider Form                        Transmutation/Poison         3
   Ice Form                           Ice/Transmutation            4
   Blade Hands                        Transmutation                5


   Skills:
 - Level 1.1 Fighting
 - Level 1.7 Dodging
 + Level 4.6 Unarmed Combat
 + Level 3.7 Spellcasting
 + Level 4.4 Transmutations


You had 11 spell levels left.
You knew the following spells:

 Your Spells              Type           Power        Failure   Level  Hunger
a - Beastly Appendage     Trmt           ###...       3%          1    None


Dungeon Overview and Level Annotations

Branches:
Dungeon (3/15)

Altars:
Gozag
The Shining One


Innate Abilities, Weirdness & Mutations

Your plain brown scales are hard (AC +6).
Your body does not fit into most forms of armour.
Your cold-blooded metabolism reacts poorly to cold.
You have claws for feet.
Your mind is acute. (Int +2)


Message History

You claw the orc priest, but do no damage.
The orc priest is moderately wounded.
The orc priest closely misses you.
The orc wizard hits you but does no damage.
The hobgoblin hits you but does no damage.
The orc hits you but does no damage. x2
You closely miss the orc priest. Your kick misses the orc priest.
The orc priest is moderately wounded.
The orc priest hits you with a falchion.
* * * LOW HITPOINT WARNING * * *
The orc priest mumbles some strange prayers to Beogh against you.
Pain shoots through your body!
* * * LOW HITPOINT WARNING * * *
The hobgoblin barely misses you. The orc wizard closely misses you.
The orc closely misses you.
You hit the orc priest.
Your tail-slap misses the orc priest.
The orc priest is heavily wounded.
The orc hits you but does no damage. x2
The orc priest hits you with a falchion.
You die...

#........ .# #........ .#
#........ .########.....#
#######....(.........#
#.............##.#.#.#
###.............##.#....
.......o.o...............
#....o@o.......##.....#
#....ogo.......######.#
#.......[.###########..
#......#...............
#......##.........###..
#########.........# #[)
#.........# #.#
#.).......###.#
#..............


You could see 2 orc priests, an orc wizard, 3 orcs and a hobgoblin.

Vanquished Creatures
  Grinder (D:3)
  An orc wizard (D:3)
  Terence (D:2)
  2 adders
  2 worms (D:2)
  A giant gecko (D:3)
  An orc (D:3)
  2 ball pythons (D:1)
  12 goblins
  5 hobgoblins
  5 bats
  4 giant cockroaches
  3 giant newts
  4 kobolds
  7 rats
51 creatures vanquished.

Notes
Turn   | Place    | Note
--------------------------------------------------------------
     0 | D:1      | Qrupt, the Draconian Transmuter, began the quest for the Orb.
     0 | D:1      | Reached XP level 1. HP: 16/16 MP: 3/3
   241 | D:1      | Reached XP level 2. HP: 21/23 MP: 2/4
   906 | D:1      | Reached XP level 3. HP: 23/28 MP: 4/6
  1041 | D:2      | Noticed Terence
  1179 | D:2      | Killed Terence
  1514 | D:2      | Reached XP level 4. HP: 35/35 MP: 8/8
  2208 | D:3      | Found an opulent altar of Gozag.
  2208 | D:3      | Found a glowing golden altar of the Shining One.
  2235 | D:3      | Noticed Grinder
  2450 | D:3      | Paralysed by Grinder for 7 turns
  2464 | D:3      | Gained mutation: Your mind is acute. (Int +2) [potion of mutation]
  2464 | D:3      | Gained mutation: Your mind is very acute. (Int +4) [potion of mutation]
  2464 | D:3      | Lost mutation: Your mind is very acute. (Int +4) [potion of mutation]
  2473 | D:3      | Paralysed by Grinder for 3 turns
  2478 | D:3      | Paralysed by Grinder for 7 turns
  2490 | D:3      | HP: 2/52 [Grinder (5)]
  2493 | D:3      | Killed Grinder
  2493 | D:3      | Reached skill level 4 in Unarmed Combat
  2493 | D:3      | Reached XP level 5. HP: 1/40 MP: 0/12
  2493 | D:3      | Reached XP level 6. HP: 1/47 MP: 0/13
  2855 | D:3      | Slain by an orc priest

Action                   |  1- 3 |  4- 6 || total
-------------------------+-------+-------++-------
Melee: Unarmed           |   155 |    79 ||   234
 Cast: Beastly Appendage |    14 |     7 ||    21
  Use: Scroll            |       |     7 ||     7
       Potion            |       |     5 ||     5
  Eat: Chunk             |     2 |     3 ||     5
